 Dungeon Crawl Stone Soup version 0.18-a0-1060-g4fac74f (webtiles) character file.

49 Duffy the Magician (level 3, 0/16 HPs)
             Began as a Spriggan Earth Elementalist on Jan 12, 2016.
             Slain by an iguana (9 damage)
             ... on level 5 of the Dungeon.
             The game lasted 00:03:06 (2371 turns).

Duffy the Magician (Spriggan Earth Elementalist)    Turns: 2371, Time: 00:03:06

Health: 0/16       AC:  2    Str:  4    XL:     3   Next: 53%
Magic:  2/9        EV: 18    Int: 17    God:
Gold:   46         SH:  0    Dex: 16    Spells: 1 memorised, 9 levels left

rFire  . . .     SeeInvis +     (weapon restricted)
rCold  . . .     Gourm    .     a - +0 robe
rNeg   . . .     Faith    .     (shield restricted)
rPois  +         Spirit   .     (helmet restricted)
rElec  .         Dismiss  .     (no cloak)
rCorr  .         Reflect  .     (gloves unavailable)
SustAt +         Harm     .     (boots unavailable)
MR     .....                    (no amulet)
Stlth  +++.......               k - ring of poison resistance
                                g - ring of sustain attributes

@: very quick, not resistant to hostile enchantments, fairly stealthy
A: unfitting armour, see invisible, herbivore 3, speed 3, slow metabolism 2
a: no special abilities


You were on level 5 of the Dungeon.
You were not hungry.

You visited 1 branch of the dungeon, and saw 5 of its levels.

You collected 46 gold pieces.


Innate Abilities, Weirdness & Mutations

You are tiny and cannot use many weapons and most armour.
You have supernaturally acute eyesight.
You are a herbivore.
You cover ground extremely quickly.
You need consume almost no food.


   Skills:
 - Level 3.0 Dodging
 - Level 3.0 Stealth
 + Level 4.0 Spellcasting
   Level 1.3 Transmutations
 + Level 3.4 Earth Magic


You had 9 spell levels left.
You knew the following spells:

 Your Spells              Type           Power        Failure   Level  Hunger
a - Sandblast             Erth           ###...       4%          1    None

Inventory:

Missiles
 b - 38 stones (quivered)
 e - 15 poisoned needles
Armour
 a - a +0 robe (worn)
Jewellery
 g - a ring of sustain attributes (left hand)
 j - a +3 ring of dexterity
 k - a ring of poison resistance (right hand)
Wands
 n - a wand of random effects (14/48)
Scrolls
 l - a scroll of fear {unknown}
 m - 2 scrolls of remove curse {unknown}
Potions
 f - a potion of haste {unknown}
 h - a potion of might {unknown}
 i - a potion of agility {unknown}
Books
 c - a book of Geomancy
Comestibles
 d - 2 bread rations

Dungeon Overview and Level Annotations

Branches:
Dungeon (5/15)
 Temple: D:4-7

Altars:
Dithmenos
Makhleb
Qazlal
Xom

Shops:
D:5 =

Annotations:
D:3 Eustachio


Message History

Aiming: Sandblast
Press: ? - help, Shift-Dir - straight line, f/p - orc
Aim: an orc, wielding a war axe and wearing a leather armour (almost dead)
The blast of sand hits the orc.
You kill the orc!
Cast which spell? (? or * to list)
You can't see any susceptible monsters within range! (Use Z to cast anyway.) Cast which spell? (? or * to list)
You can't see any susceptible monsters within range! (Use Z to cast anyway.)
A worm comes into view.
Cast which spell? (? or * to list)
Aiming: Sandblast
Press: ? - help, Shift-Dir - straight line, f - worm
Aim: a worm (hasn't noticed you)
The blast of sand hits the worm.
The worm is lightly wounded.
You open the door.
An iguana comes into view.
The iguana hisses angrily.
Found a flail.
There is an open door here.
There is an entrance to Xayxux's Jewellery Shoppe here.
The iguana misses you. The worm completely misses you.
Your magical contamination has completely faded away.
You see here a flail.
The iguana barely misses you. The worm bites you. The iguana barely misses you.
The iguana barely misses you. The worm misses you.
The iguana closely misses you. The iguana bites you.
The worm barely misses you. The iguana completely misses you.
The worm bites you. The iguana bites you!
Ouch! That really hurt!
You die...

##..\##
##.....##
##.......##
#.........#
+.........+
#.........#
##....)..##
##..lw.##
##..@##
###'######
#.)(....(#
#.#.####.#
#.#.# .. #
... ## ....
#....#
#.#.##


You could see a worm and an iguana.

Action                   || total
-------------------------++-------
Melee: Unarmed           ||     6
 Cast: Sandblast         ||    87

Notes
Turn   | Place    | Note
--------------------------------------------------------------
     0 | D:1      | Duffy the Spriggan Earth Elementalist began the quest for the Orb.
     0 | D:1      | Reached XP level 1. HP: 9/9 MP: 5/5
   151 | D:1      | Reached skill level 3 in Spellcasting
   285 | D:1      | Reached XP level 2. HP: 10/13 MP: 5/7
   287 | D:1      | Reached skill level 3 in Earth Magic
   825 | D:2      | Found a stormy altar of Qazlal.
  1393 | D:2      | Found a burning altar of Makhleb.
  1444 | D:2      | Reached XP level 3. HP: 16/16 MP: 0/9
  1528 | D:2      | Found a shadowy altar of Dithmenos.
  1660 | D:4      | Noticed Eustachio
  1662 | D:4      | Reached skill level 4 in Spellcasting
  2016 | D:5      | Entered Level 5 of the Dungeon
  2197 | D:5      | Found a shimmering altar of Xom.
  2346 | D:5      | Found Xayxux's Jewellery Shoppe.
  2371 | D:5      | Slain by an iguana

Vault maps used:
D:1:      ldierk_water_garden, serial_bayou_pond_e
D:2:      overflow_temple_1_default, grunt_dithmenos_smoke_and_mirrors,
          lemuel_doored_altar, lemuel_crystal_altar, minmay_misc_feat_hallway,
          minmay_distorted, uniq_crazy_yiuf_cottage
D:3:      lemuel_crystal_altar, grunt_temple_overflow_open, uniq_grinder
D:4:      first_bread, serial_shops, kennysheep_little_box,
          makhleb_blood_cavern_becter, uniq_eustachio
D:5:      xom_butterflies, overflow_temple_1_default, serial_shops, shop,
          kennysheep_generic_room_4

Vanquished Creatures
  An ooze
  A worm
  2 giant geckos
  2 orcs
  4 bats
  2 giant cockroaches
  9 goblins
  4 hobgoblins
  A quokka
  A ball python
  3 giant newts
  3 kobolds
  3 rats
  A butterfly
  4 toadstools
41 creatures vanquished.
